[Event "57th Biel Festival MTO 2024"]
[White "Munguntuul,Batkhuyag"]
[Black "Woltery,Nicolai"]
[Site "Biel"]
[Round "2.32"]
[Annotator "TA"]
[Result "1-0"]
[Date "2024.07.16"]
[WhiteElo "2376"]
[BlackElo "2016"]
[PlyCount "61"]
[TimeControl "60"]

1. e4 d5 2. exd5 Qxd5 3. d4 Nc6 4. Nf3 Bg4 5. Be2 O-O-O 6. Be3 e5 7. c4 Qa5+ 8. Bd2 Bb4 {[%emt 0:0:57] The position is equal.} 9. d5 Bxf3 10. Bxf3 Nd4 11. a3 Bxd2+ 12. Nxd2 f5 13. b4 Qa6 14. O-O Qg6 15. Bh5 ({Better is} 15. Nb3 Nxb3 16. Qxb3 )Qg5 $11 16. f4 exf4 17. Nf3 Nxf3+ 18. Bxf3 Nf6 19. Qd4 Kb8 20. a4 Rhe8 21. a5 Ne4 22. a6 {[%emt 0:5:45] Strongly threatening axb7.} b6 23. c5 Qf6 24. Qd3 {[%emt 0:0:13] [#]} (24. Qxf6 $11 {keeps the balance.} Nxf6 25. d6 )Qb2 (24... g5 $1 $17 {[%cal Rg5g4] ...g4 is the strong threat.} 25. h3 (25. d6 cxd6 26. Qd5 Re7 $17 )h5 26. Bxh5 Re5 )25. Rab1 $1 $36 {[%emt 0:3:43][%mdl 2048] White has some pressure.} Qe5 26. Rbd1 ({Much weaker is} 26. d6 cxd6 27. cxb6 axb6 28. a7+ Ka8 $17 )Ng5 (26... c6 $11 {remains equal.} )27. Qb5 Nxf3+ 28. gxf3 {[%emt 0:3:39] Qc6 would kill now.} Re7 $2 (28... Rxd5 29. Qc6 (29. Rxd5 Qe3+ 30. Kh1 Qe6 $18 )Qe3+ 30. Kh1 )(28... Qe3+ $16 29. Rf2 Re6 )29. Qc6 {[%emt 0:0:50][%csl Ga6][%cal Rc6b7] White mates.} Kc8 30. d6 Rf7 {[%emt 0:0:58] [#]} 31. d7+ $1 {[%emt 0:0:46][%mdl 512] Weighted Error Value: White=0.10 (very precise) /Black=0.28 (precise) .  Loses game:     	---       	Black=1      Mistake:       	White=2     	Black=2      Inaccurate:     	White=2     	Black=2      OK:         	White=8     	Black=14     Best:        	White=2     	Black=1      Strong:       	White=1     	---} 1-0

[Event "57th Biel Festival MTO 2024"]
[White "Smeets,Kobe"]
[Black "Tellarini,Lorenzo"]
[Site "Biel"]
[Round "2.33"]
[Annotator "RC"]
[Result "1-0"]
[Date "2024.07.16"]
[WhiteElo "2324"]
[BlackElo "1953"]
[PlyCount "145"]
[TimeControl "60"]

1. e4 c5 2. Nf3 e6 3. d4 cxd4 4. Nxd4 Nc6 5. Nc3 d6 6. Qd3 Nf6 7. Bg5 Be7 8. O-O-O a6 9. Nxc6 bxc6 10. Qg3 d5 11. e5 Nh5 12. Bxe7 Qxe7 13. Qe3 Qb4 14. Rd4 Qb6 15. Na4 Qa5 16. Be2 g6 17. Bxh5 gxh5 18. Qa3 Bd7 19. Qd6 Rc8 20. Nc5 Qc7 21. Qxc7 Rxc7 22. Re1 Rg8 23. g3 Rg4 24. Rxg4 hxg4 25. Re3 Bc8 26. f4 Ra7 27. Kd2 Kd8 28. Kc3 Kc7 29. Kd4 Ra8 30. Rb3 a5 31. a3 Ba6 32. a4 Ra7 33. Ra3 Bc4 34. c3 Ra8 35. b3 Be2 36. Ra2 Ba6 37. Ra1 Be2 38. Ra2 Ba6 39. Rf2 Bc8 40. h3 gxh3 41. Rh2 Bb7 42. Rxh3 Rh8 43. g4 h6 44. Rh5 Rg8 45. Rxh6 Rxg4 46. Rf6 Rg7 47. Rxe6 Bc8 48. Re7+ Kd8 49. Ra7 Bh3 50. e6 Ke8 51. exf7+ Rxf7 52. Rxf7 Kxf7 53. Ke5 Ke7 54. Nb7 Bg4 55. Nxa5 Kd7 56. Nb7 Bd1 57. Nc5+ Kc7 58. a5 Be2 59. f5 Bg4 60. f6 Bh5 61. Ke6 Bg4+ 62. Ke7 Bh5 63. f7 Bxf7 64. Kxf7 Kd6 65. a6 Kc7 66. Ke7 Kb6 67. Kd6 d4 68. cxd4 Ka7 69. Kc7 Ka8 70. Kb6 Kb8 71. a7+ Ka8 72. Ne6 c5 73. Nc7# 1-0

[Event "57th Biel Festival MTO 2024"]
[White "Jain Kashish Manoj"]
[Black "Mata,Adilson"]
[Site "Biel"]
[Round "2.34"]
[Annotator "RC"]
[Result "1-0"]
[Date "2024.07.16"]
[WhiteElo "2308"]
[BlackElo "1971"]
[PlyCount "81"]
[TimeControl "60"]

1. e4 e5 2. Nf3 Nc6 3. Bb5 a6 4. Ba4 Nf6 5. d3 Bc5 6. c3 d6 7. Bg5 b5 8. Bb3 h6 9. Bh4 Bb6 10. a4 b4 11. Nbd2 bxc3 12. bxc3 Na5 13. Ba2 g5 14. Bg3 Nh5 15. Nxe5 Nxg3 16. Qf3 f5 17. Nf7 Nxh1 18. Nxd8 Kxd8 19. d4 Re8 20. O-O-O Nxf2 21. Qxf2 f4 22. h4 Bd7 23. hxg5 hxg5 24. Rh1 Bxa4 25. Rh5 Rb8 26. Rxg5 Rh8 27. Rg8+ Rxg8 28. Bxg8 Kd7 29. Qxf4 Re8 30. Qf5+ Kd8 31. Be6 Nc6 32. Qf6+ Ne7 33. Nc4 Bd7 34. Bxd7 Kxd7 35. e5 Nc8 36. d5 dxe5 37. Nxe5+ Rxe5 38. Qxe5 Ne7 39. g4 Ke8 40. g5 Kf7 41. Qe6+ 1-0

[Event "57th Biel Festival MTO 2024"]
[White "Cervantes Landeiro,Thalia"]
[Black "Liu,Kimberly"]
[Site "Biel"]
[Round "2.35"]
[Annotator "RC"]
[Result "1/2-1/2"]
[Date "2024.07.16"]
[WhiteElo "2271"]
[BlackElo "1941"]
[PlyCount "74"]
[TimeControl "60"]

1. d4 Nf6 2. c4 e6 3. Nf3 d5 4. Nc3 Bb4 5. Bg5 h6 6. Bxf6 Qxf6 7. Qa4+ Nc6 8. e3 O-O 9. Be2 Bd7 10. Qb3 dxc4 11. Qxc4 Qe7 12. O-O Na5 13. Qxc7 Rac8 14. Qe5 Bxc3 15. bxc3 Qa3 16. Rfc1 Rfd8 17. g4 Rxc3 18. Rxc3 Qxc3 19. Rf1 f6 20. Qd6 Qc6 21. Qxc6 Bxc6 22. Rc1 Kf8 23. Ne1 Ke7 24. Nd3 b6 25. Nb4 Bb7 26. f3 Rc8 27. Rxc8 Bxc8 28. e4 Kd6 29. Kf2 Bd7 30. f4 e5 31. fxe5+ fxe5 32. dxe5+ Kxe5 33. Ke3 Nc6 34. Nd3+ Kd6 35. h4 g5 36. hxg5 hxg5 37. Nf2 Ne5 1/2-1/2

[Event "57th Biel Festival MTO 2024"]
[White "Gemelli,Romain"]
[Black "Schnell,Simon"]
[Site "Biel"]
[Round "2.36"]
[Annotator "RC"]
[Result "1/2-1/2"]
[Date "2024.07.16"]
[WhiteElo "2101"]
[BlackElo "2139"]
[PlyCount "74"]
[TimeControl "60"]

1. Nf3 Nf6 2. g3 g6 3. b3 Bg7 4. Bb2 O-O 5. Bg2 d5 6. c4 c5 7. cxd5 Qxd5 8. Nc3 Qd8 9. d4 Nc6 10. dxc5 Qa5 11. O-O Qxc5 12. h3 Qh5 13. g4 Qa5 14. Qc1 h5 15. g5 Ne8 16. Ne4 Bxb2 17. Qxb2 Bf5 18. Nfd2 Bxe4 19. Nxe4 Ng7 20. Rad1 Rfd8 21. e3 Nf5 22. Qc3 Qxc3 23. Nxc3 Nd6 24. Rd2 Rac8 25. Rfd1 Kf8 26. Kf1 Ke8 27. Ke2 Nd4+ 28. Rxd4 Rxc3 29. R4d3 Rxd3 30. Rxd3 Rc8 31. Kd2 b6 32. a4 Rc5 33. Rd5 Rxd5+ 34. Bxd5 Kd7 35. Kd3 e6 36. Bf3 Ne8 37. Kc4 Kd6 1/2-1/2

[Event "57th Biel Festival MTO 2024"]
[White "Ansat,Aldiyar"]
[Black "Kuandykuly,Danis"]
[Site "Biel"]
[Round "2.37"]
[Annotator "TA"]
[Result "1-0"]
[Date "2024.07.16"]
[WhiteElo "2437"]
[BlackElo "1989"]
[PlyCount "59"]
[TimeControl "60"]

1. e4 e5 2. Nf3 Nc6 3. Bb5 f5 4. d3 fxe4 5. dxe4 Nf6 6. Qd3 d6 7. Nc3 Bg4 8. Be3 Be7 {[%emt 0:5:37] White is slightly better.} 9. Qc4 Qd7 10. Ng5 Bf8 11. h3 Bh5 12. g4 Bg6 13. O-O-O {[%emt 0:0:32] Hoping for f4.} a6 14. Ba4 $36 {[%emt 0:0:29][%mdl 2048] Keeping Black busy.} h6 {[%emt 0:2:39] [#] Inhibits f4.} 15. Nf3 {[%emt 0:5:50][%cal Of3e5] Nxe5! would now be deadly.} (15. Ne6 Bf7 16. Bxc6 bxc6 17. Nxf8 Bxc4 $11 )Bf7 (15... b5 $2 16. Nxb5 axb5 17. Bxb5 Bxe4 18. Nxe5 Nxe5 19. Qe6+ (19. Bxd7+ Kxd7 20. Qb5+ Kc8 $16 )Kd8 20. Bxd7 Nexd7 21. Rhe1 $16 )16. Qe2 {[%emt 0:0:23][%cal Of3e5] Black must now prevent Nxe5!} b5 17. Bb3 Bxb3 18. cxb3 (18. axb3 O-O-O $14 )Qf7 19. Kb1 Nd8 (19... g6 $16 )20. g5 $18 Nd7 21. gxh6 gxh6 22. Nh4 Ne6 23. Nf5 Nf6 24. f3 O-O-O (24... Rh7 {was necessary.} 25. a4 Rb8 )25. Rc1 {[%emt 0:0:3][%cal Bd1c1,Bc1c6,Bc6a6][%mdl 32] Strongly threatening a4.} d5 {[%emt 0:1:31][%cal Bd6d5,Bd5d4][%mdl 32] [#]} 26. Nxb5 axb5 27. Qxb5 d4 (27... dxe4 $2 {loses.} 28. Qa6+ Kd7 29. Qc6+ Kc8 30. Rhd1 $18 )28. Rc6 {[%emt 0:0:4][%cal Oc6a6][%mdl 1024] White wants to mate with Ra6! White has strong compensation. The board is on fire. White has more active pieces.} Ne8 $2 {[%emt 0:3:18][%mdl 8192] [#]} ({Stronger than} 28... dxe3 29. Ra6 )(28... Rd6 $16 )29. Ra6 $1 c5 30. Qc6+ {[%emt 0:0:5] Weighted Error Value: White=0.10 (very precise) /Black=0.27 (precise) .  Loses game:     	---       	Black=1      Mistake:       	---       	Black=2      Inaccurate:     	White=2     	Black=2      OK:         	White=12    	Black=7      Best:        	---       	Black=3      Brilliant:      	White=1     	---} 1-0

[Event "57th Biel Festival MTO 2024"]
[White "Tarini Goyal"]
[Black "Saraci,Nderim"]
[Site "Biel"]
[Round "2.38"]
[Annotator "TA"]
[Result "0-1"]
[Date "2024.07.16"]
[WhiteElo "2079"]
[BlackElo "2449"]
[PlyCount "144"]
[TimeControl "60"]

1. d4 Nf6 2. c4 e6 3. Nc3 d5 4. Nf3 c6 5. e3 Nbd7 6. Qc2 dxc4 7. Bxc4 b5 8. Be2 Bb7 9. O-O a6 {[%emt 0:0:35] The position is equal.} 10. e4 c5 11. e5 Nd5 12. Nxd5 Bxd5 13. Be3 Rc8 {[%emt 0:2:31] [#] Threatens to win with ...cxd4.} 14. Qd2 cxd4 15. Qxd4 Bc5 16. Qf4 O-O 17. a4 bxa4 18. Rxa4 a5 19. Bd2 Bb6 20. b4 axb4 21. Bxb4 Bc5 22. Ba5 Qe7 23. Bd2 Rfd8 24. Ba5 Bb6 25. Bxb6 Nxb6 26. Rd4 h6 27. Qg3 (27. Rb1 $11 Bxf3 28. Bxf3 )Nd7 ({Black should try} 27... Bxf3 $15 28. Rxd8+ Qxd8 (28... Rxd8 29. Bxf3 Qb4 30. Bh5 $15 )29. Qxf3 Rc7 )28. h3 Rc5 29. Rfd1 Rdc8 30. Kh2 Rc3 (30... Rc1 {with more complications.} 31. Rxc1 Rxc1 32. Nd2 Re1 )31. R4d3 (31. Bd3 {is more complex.} Qc5 32. Be4 Nb6 33. Bd3 )Rxd3 32. Rxd3 Rc5 33. Nd2 Rc2 34. Bf3 Qb4 35. Bxd5 (35. Nf1 {seems wilder.} Bxf3 36. Rxd7 Be2 37. Ne3 )Rxd2 36. Rxd2 Qxd2 $11 {[%emt 0:0:2][%mdl 4096] Endgame. KQB-KQN} 37. Bc6 Nc5 38. Bf3 Nd3 39. Bc6 $2 {[%emt 0:0:28] Loses the game.} (39. Bh5 $17 )Nxf2 $19 40. Bb5 Qd4 41. Be2 Ne4 42. Qd3 Qxe5+ 43. Kg1 g6 44. Bf3 $2 (44. Bd1 )Qa1+ 45. Kh2 {[%emt 0:0:25] [#]} Qh1+ $3 46. Kxh1 Nf2+ 47. Kh2 Nxd3 {[%emt 0:0:4] KB-KN} 48. Kg3 Kg7 49. Bc6 f5 50. Bb5 Nc5 51. h4 Kf6 52. Kf4 e5+ 53. Kf3 e4+ 54. Kf4 Ne6+ 55. Ke3 Ke5 {[%emt 0:0:6] aiming for ...Nd4.} 56. Be8 Nf4 {[%emt 0:1:6] Black mates.} 57. g3 Nd5+ 58. Kf2 g5 59. hxg5 hxg5 60. Bd7 f4 61. gxf4+ gxf4 62. Bc6 Ne3 63. Bd7 Nf5 64. Bc8 Nh4 65. Bb7 Kd4 66. Ba6 e3+ 67. Ke2 f3+ 68. Ke1 Ke5 69. Kf1 Kf4 70. Ke1 Nf5 71. Kf1 Ng3+ 72. Kg1 Ke5 {[%emt 0:0:22] Weighted Error Value: White=0.41/Black=0.13 (very precise) .  Mistake:       	White=3     	Black=1      Inaccurate:     	White=7     	Black=1      OK:         	White=9     	Black=15     Best:        	White=1     	Black=2} 0-1

[Event "57th Biel Festival MTO 2024"]
[White "Kolbus,Dietmar"]
[Black "Borner,Daniel"]
[Site "Biel"]
[Round "2.39"]
[Annotator "RC"]
[Result "1/2-1/2"]
[Date "2024.07.16"]
[WhiteElo "2234"]
[BlackElo "2075"]
[PlyCount "169"]
[TimeControl "60"]

1. Nf3 Nf6 2. c4 g6 3. g3 Bg7 4. Bg2 O-O 5. O-O d6 6. d4 Nc6 7. Nc3 e5 8. d5 Nb8 9. Ne1 a5 10. b3 Na6 11. Bb2 Nd7 12. Nd3 f5 13. e4 Ndc5 14. Nxc5 Nxc5 15. a3 fxe4 16. Nxe4 Nxe4 17. Bxe4 Bh3 18. Re1 Qd7 19. Bc1 Bg4 20. Qd3 b6 21. Ra2 Qf7 22. Kg2 Qd7 23. Be3 Bh3+ 24. Kg1 Bf6 25. Rc2 Qe7 26. Qd2 Bf5 27. f3 Bxe4 28. fxe4 Qd7 29. Qe2 Bg7 30. Kg2 h5 31. h3 Kh7 32. Rf1 Bh6 33. Rxf8 Rxf8 34. Bf2 Rf7 35. Ra2 Qe8 36. Be1 Qe7 37. Qd3 Qg5 38. Bd2 Qf6 39. Bc3 Qg5 40. Rc2 Kg7 41. Bd2 Qf6 42. Be1 Qg5 43. Bf2 Qf6 44. Qe2 Qg5 45. b4 axb4 46. axb4 Qf6 47. c5 bxc5 48. bxc5 Bg5 49. Rc3 h4 50. Rf3 Qe7 51. Rxf7+ Kxf7 52. Qf3+ Kg7 53. c6 hxg3 54. Qxg3 Bd2 55. Qg4 Qg5 56. Kf3 Kh6 57. Qxg5+ Bxg5 58. Kg4 Be7 59. Bb6 Bd8 60. Be3+ Kg7 61. Bc1 Be7 62. Bd2 Bf6 63. Ba5 Bd8 64. Bb4 Be7 65. h4 Kh6 66. Bd2+ Kg7 67. h5 gxh5+ 68. Kxh5 Kh7 69. Bh6 Bf6 70. Be3 Be7 71. Bb6 Bd8 72. Ba5 Kg7 73. Bb4 Be7 74. Bd2 Kh7 75. Be3 Bf6 76. Ba7 Be7 77. Bf2 Bf6 78. Be3 Be7 79. Bh6 Bf6 80. Bf8 Bd8 81. Kg4 Kg6 82. Kf3 Kh5 83. Kg3 Kg5 84. Kf3 Kh5 85. Kg3 1/2-1/2

[Event "57th Biel Festival MTO 2024"]
[White "Fronda,Jan Jodilyn"]
[Black "Papaux,Steve"]
[Site "Biel"]
[Round "2.40"]
[Annotator "RC"]
[Result "1/2-1/2"]
[Date "2024.07.16"]
[WhiteElo "2072"]
[BlackElo "2188"]
[PlyCount "92"]
[TimeControl "60"]

1. e4 e5 2. Nf3 Nc6 3. Bb5 a6 4. Ba4 Nf6 5. O-O b5 6. Bb3 Bc5 7. d3 d6 8. c3 O-O 9. h3 Bb6 10. Re1 Ne7 11. d4 Bb7 12. Nbd2 Ng6 13. d5 h6 14. Nf1 Nh7 15. Ng3 Bc8 16. a4 Bd7 17. Qd3 Nh4 18. axb5 f5 19. exf5 Nxf5 20. Ne4 Nh4 21. Nxh4 Qxh4 22. Be3 Bxe3 23. Qxe3 axb5 24. Bc2 Ng5 25. Qg3 Qxg3 26. Nxg3 Bxh3 27. gxh3 Nxh3+ 28. Kg2 Rxf2+ 29. Kxh3 Rxa1 30. Rxa1 Rxc2 31. Ra7 Rxb2 32. Rxc7 Rd2 33. Nf5 g6 34. Rg7+ Kf8 35. Rxg6 Rxd5 36. Rf6+ Ke8 37. Rxd6 Rc5 38. Rd3 Kf7 39. Kg4 b4 40. Nd6+ Ke6 41. cxb4 Rd5 42. Ne4 h5+ 43. Kxh5 Rxd3 44. Nc5+ Kd5 45. Nxd3 e4 46. Ne1 Kc4 1/2-1/2

[Event "57th Biel Festival MTO 2024"]
[White "Gueci,Tea"]
[Black "Haugner,Jan"]
[Site "Biel"]
[Round "2.41"]
[Annotator "RC"]
[Result "1/2-1/2"]
[Date "2024.07.16"]
[WhiteElo "2228"]
[BlackElo "2072"]
[PlyCount "101"]
[TimeControl "60"]

1. e4 c5 2. Nf3 d6 3. d4 cxd4 4. Nxd4 Nf6 5. Nc3 Bd7 6. Be2 Nc6 7. O-O e6 8. Be3 Be7 9. f4 O-O 10. Kh1 a6 11. Qe1 b5 12. a3 Rc8 13. Qg3 Na5 14. e5 Ne8 15. Ne4 Nc4 16. Bxc4 Rxc4 17. Rad1 d5 18. Nd2 Rc8 19. N2f3 f5 20. exf6 Bxf6 21. f5 exf5 22. c3 g6 23. Ng5 Ng7 24. Nh3 Re8 25. Nf4 Re5 26. Nc2 Bc6 27. Bd4 Re4 28. Bxf6 Qxf6 29. Nb4 Bb7 30. Nfxd5 Qe5 31. Qxe5 Rxe5 32. Rfe1 Rxe1+ 33. Rxe1 Rd8 34. Rd1 Kf7 35. Ne3 Rxd1+ 36. Nxd1 Ne6 37. Nd3 Kf6 38. Kg1 f4 39. a4 Kf5 40. axb5 axb5 41. N1f2 g5 42. h3 h5 43. Nb4 g4 44. hxg4+ hxg4 45. b3 g3 46. Nfd3 Ng5 47. Ne1 Kg4 48. Nbd3 Bd5 49. c4 bxc4 50. bxc4 Be4 51. c5 1/2-1/2

[Event "57th Biel Festival MTO 2024"]
[White "Panda,Barnabas"]
[Black "Mostertman,Milan"]
[Site "Biel"]
[Round "2.42"]
[Annotator "RC"]
[Result "1/2-1/2"]
[Date "2024.07.16"]
[WhiteElo "2074"]
[BlackElo "2231"]
[PlyCount "74"]
[TimeControl "60"]

1. c4 c6 2. g3 d5 3. Nf3 dxc4 4. Bg2 Nf6 5. a4 h6 6. Na3 Be6 7. Qc2 Qd5 8. O-O Na6 9. Rd1 g6 10. Qc3 Bg7 11. d3 cxd3 12. Ng5 Qd7 13. Rxd3 Qc8 14. Nxe6 Qxe6 15. Be3 O-O 16. Rad1 Ne4 17. Qc1 Nd6 18. Nc2 Qa2 19. b3 Nf5 20. Nd4 Nxe3 21. R1d2 Qxd2 22. Rxd2 Nd5 23. Bxd5 cxd5 24. Nb5 e6 25. Rc2 b6 26. Nc7 Nxc7 27. Rxc7 a5 28. e3 Rfb8 29. Qc6 h5 30. Rb7 Bf8 31. Rxb8 Rxb8 32. Qc7 Re8 33. Qxb6 Bb4 34. Qc6 Rd8 35. Qc2 d4 36. exd4 Rxd4 37. Kg2 Rd5 1/2-1/2

[Event "57th Biel Festival MTO 2024"]
[White "Balabayeva,Xeniya"]
[Black "Perreard,Nicolas"]
[Site "Biel"]
[Round "2.43"]
[Annotator "RC"]
[Result "1-0"]
[Date "2024.07.16"]
[WhiteElo "2246"]
[BlackElo "2060"]
[PlyCount "53"]
[TimeControl "60"]

1. e4 e5 2. Nf3 Nf6 3. Nxe5 d6 4. Nf3 Nxe4 5. Nc3 Nxc3 6. dxc3 Be7 7. Bf4 O-O 8. Qd2 Nd7 9. Bd3 Nc5 10. O-O-O Bg4 11. Be2 c6 12. Bxd6 Bxd6 13. Qxd6 Qxd6 14. Rxd6 Ne4 15. Rd4 Rfe8 16. Bc4 c5 17. Bxf7+ Kf8 18. Bxe8 cxd4 19. Nxd4 Rxe8 20. f3 Nxc3 21. bxc3 Bh5 22. Kd2 Bf7 23. a4 Re5 24. Rb1 Ra5 25. Rxb7 Rxa4 26. Nf5 Ra5 27. Rb8+ 1-0

[Event "57th Biel Festival MTO 2024"]
[White "Udipi,Kala Kishan"]
[Black "Pappier,Carlos"]
[Site "Biel"]
[Round "2.44"]
[Annotator "RC"]
[Result "1-0"]
[Date "2024.07.16"]
[WhiteElo "2051"]
[BlackElo "2202"]
[PlyCount "83"]
[TimeControl "60"]

1. d4 d5 2. Nf3 c6 3. e3 Bf5 4. Bd3 Bxd3 5. cxd3 e6 6. Nc3 Nf6 7. O-O Be7 8. e4 O-O 9. e5 Nfd7 10. Ne1 c5 11. Qg4 Kh8 12. Nf3 cxd4 13. Qxd4 Nc6 14. Qf4 Qb6 15. d4 Rac8 16. Ne2 Nb4 17. Qg4 Rc4 18. b3 Rc2 19. Nf4 Qc7 20. a3 Na2 21. Be3 Nc3 22. Nh5 g6 23. Ng3 Rc8 24. Ng5 Kg8 25. Qf4 Bxg5 26. Qxg5 Qd8 27. Qg4 Kh8 28. Bg5 Qf8 29. Rfe1 Rc6 30. Nf1 f5 31. exf6 Nxf6 32. Qh4 Nfe4 33. Be3 g5 34. Bxg5 Nxg5 35. Qxg5 Qxf2+ 36. Kh1 Ne2 37. Ne3 Rc1 38. Raxc1 Rxc1 39. Rxc1 Nxc1 40. Qe5+ Kg8 41. Qxe6+ Kh8 42. Qc8+ 1-0

[Event "57th Biel Festival MTO 2024"]
[White "Ohler,Julius"]
[Black "Khulan,Enkhsaikhan"]
[Site "Biel"]
[Round "2.45"]
[Annotator "RC"]
[Result "1/2-1/2"]
[Date "2024.07.16"]
[WhiteElo "2078"]
[BlackElo "2063"]
[PlyCount "96"]
[TimeControl "60"]

1. c4 c6 2. g3 d5 3. Bg2 Nf6 4. Nf3 Bf5 5. Qb3 Qb6 6. d3 e6 7. Be3 Qb4+ 8. Bd2 Qxb3 9. axb3 Nbd7 10. Bc3 Be7 11. Nh4 Bg6 12. Nxg6 hxg6 13. b4 e5 14. Na3 e4 15. cxd5 cxd5 16. Nb5 O-O 17. Nxa7 d4 18. Bd2 Ne5 19. Ra5 exd3 20. Rxe5 Rxa7 21. exd3 b6 22. O-O Rc8 23. Rfe1 Bf8 24. Rb5 Rc2 25. Rd1 Rxb2 26. Rxb6 Raa2 27. Be1 Ra3 28. Rb8 Rab3 29. Rd8 g5 30. h3 g6 31. Bc6 Kg7 32. Rxd4 Bxb4 33. Bxb4 Rxb4 34. Rxb4 Rxb4 35. Ra1 Rb6 36. Rc1 Ng8 37. Rc5 Ne7 38. Bb5 f5 39. Bc4 Kf6 40. Kg2 Nc6 41. Bd5 Nb4 42. Bc4 Rd6 43. Rc7 Nxd3 44. Rf7+ Ke5 45. Re7+ Kf6 46. Rf7+ Ke5 47. Re7+ Kf6 48. Rf7+ Ke5 1/2-1/2

[Event "57th Biel Festival MTO 2024"]
[White "Monteverde,Jonathan"]
[Black "Federer,Colin"]
[Site "Biel"]
[Round "2.46"]
[Annotator "RC"]
[Result "1-0"]
[Date "2024.07.16"]
[WhiteElo "2052"]
[BlackElo "2187"]
[PlyCount "81"]
[TimeControl "60"]

1. d4 Nf6 2. c4 g6 3. Nc3 Bg7 4. e4 d6 5. Nf3 O-O 6. h3 e5 7. d5 a5 8. g4 Na6 9. Be3 Nc5 10. Nd2 c6 11. Be2 a4 12. g5 Ne8 13. h4 Qa5 14. a3 f5 15. f3 Nc7 16. h5 fxe4 17. h6 Bh8 18. fxe4 cxd5 19. cxd5 b5 20. Qc2 Nb3 21. Nxb3 axb3 22. Qxb3 b4 23. Rc1 bxc3 24. Qxc3 Qxc3+ 25. Rxc3 Ne8 26. Bb5 Rb8 27. a4 Kf7 28. Rf1+ Ke7 29. Rxf8 Kxf8 30. Ba7 Ra8 31. Bb6 Ke7 32. Bc6 Rb8 33. Ba7 Rb4 34. Bxe8 Bd7 35. Bxd7 Kxd7 36. a5 Rxe4+ 37. Kd1 Ra4 38. Bb6 Rd4+ 39. Bxd4 exd4 40. Rc4 d3 41. a6 1-0

[Event "57th Biel Festival MTO 2024"]
[White "Kersten,Uwe"]
[Black "Kwiatkowski,Jakub"]
[Site "Biel"]
[Round "2.47"]
[Annotator "RC"]
[Result "1/2-1/2"]
[Date "2024.07.16"]
[WhiteElo "2189"]
[BlackElo "2024"]
[PlyCount "37"]
[TimeControl "60"]

1. e4 c5 2. Nf3 d6 3. d4 cxd4 4. Nxd4 Nf6 5. Nc3 a6 6. Bc4 e6 7. O-O Be7 8. Bb3 O-O 9. f4 Nbd7 10. f5 e5 11. Nde2 b5 12. Bg5 Bb7 13. Bxf6 Nxf6 14. Ng3 Rc8 15. Qf3 b4 16. Nd5 Bxd5 17. exd5 Qb6+ 18. Kh1 Qd4 19. Rab1 1/2-1/2

[Event "57th Biel Festival MTO 2024"]
[White "Selinga,Jan"]
[Black "Kamber,Bruno"]
[Site "Biel"]
[Round "2.48"]
[Annotator "RC"]
[Result "0-1"]
[Date "2024.07.16"]
[WhiteElo "2023"]
[BlackElo "2188"]
[PlyCount "68"]
[TimeControl "60"]

1. d4 Nf6 2. c4 Nc6 3. Nf3 e6 4. a3 d5 5. Nc3 a6 6. e3 dxc4 7. Bxc4 Bd6 8. b4 O-O 9. Bb2 e5 10. d5 Ne7 11. Qc2 Bf5 12. e4 Bg4 13. Nd2 c6 14. dxc6 Nxc6 15. f3 Nd4 16. Qd3 Bd7 17. O-O Rc8 18. Rad1 Bb8 19. f4 Be6 20. f5 Bxc4 21. Nxc4 Nb5 22. Nd5 Re8 23. Kh1 Nxd5 24. exd5 Qh4 25. Nb6 e4 26. g3 exd3 27. gxh4 Rc2 28. Rfe1 Ree2 29. Ba1 Ba7 30. Be5 Bxb6 31. Bg3 h5 32. d6 Rxe1+ 33. Bxe1 Nxd6 34. Rxd3 Nxf5 0-1

[Event "57th Biel Festival MTO 2024"]
[White "Demchenko,Svitlana"]
[Black "Chen,Muxi"]
[Site "Biel"]
[Round "2.49"]
[Annotator "RC"]
[Result "0-1"]
[Date "2024.07.16"]
[WhiteElo "2176"]
[BlackElo "1954"]
[PlyCount "140"]
[TimeControl "60"]

1. e4 c5 2. c3 d5 3. exd5 Qxd5 4. d4 g6 5. dxc5 Qxc5 6. Be3 Qa5 7. Na3 Bg7 8. Nb5 Bd7 9. Qb3 a6 10. Nd4 Qc7 11. Bc4 e6 12. O-O-O Nc6 13. Nxc6 Bxc6 14. Nf3 Ne7 15. Rhe1 O-O 16. Bb6 Qf4+ 17. Be3 Qc7 18. Bb6 Qf4+ 19. Kb1 Nd5 20. Bd4 b5 21. Bd3 Bxd4 22. Nxd4 Bb7 23. Re2 Qxh2 24. g3 Nb6 25. Qc2 Qh5 26. Be4 Bxe4 27. Qxe4 Qd5 28. Qh4 e5 29. Rh1 h5 30. Nc2 Kg7 31. Nb4 Qd6 32. Rhe1 a5 33. Nc2 Nc4 34. Qh1 Rad8 35. b3 Na3+ 36. Nxa3 Qxa3 37. Qe4 Rfe8 38. Qc6 a4 39. Rb2 axb3 40. Rxb3 Qa7 41. Rb2 Qa4 42. Rc1 Rc8 43. Qd5 Qg4 44. Ka1 Qg5 45. Rbc2 Rb8 46. Rb1 Qf5 47. Rcb2 Red8 48. Qc5 Rbc8 49. Qxb5 Rxc3 50. Re2 Rf3 51. Qc5 Rd7 52. Rbe1 f6 53. Rb2 Rfd3 54. Rc1 Rd1 55. Rbc2 Qd3 56. Rc3 Rxc1+ 57. Rxc1 Qa6 58. f4 exf4 59. gxf4 Qa4 60. f5 g5 61. Re1 Qd4+ 62. Qxd4 Rxd4 63. Re7+ Kg8 64. Ra7 h4 65. Ra8+ Kg7 66. Ra7+ Kh6 67. Ra6 g4 68. Rxf6+ Kg5 69. Rf8 Rf4 70. Kb2 Rxf5 0-1

[Event "57th Biel Festival MTO 2024"]
[White "Pisan,Kai"]
[Black "Rappazzo,Johannes"]
[Site "Biel"]
[Round "2.50"]
[Annotator "RC"]
[Result "0-1"]
[Date "2024.07.16"]
[WhiteElo "1950"]
[BlackElo "2169"]
[PlyCount "102"]
[TimeControl "60"]

1. d4 Nf6 2. c4 g6 3. g3 Bg7 4. Bg2 O-O 5. Nc3 d6 6. Nf3 c5 7. O-O Nc6 8. dxc5 dxc5 9. Be3 Be6 10. Qa4 Nd4 11. Rad1 Bd7 12. Qa3 Nc2 13. Qxc5 b6 14. Qg5 h6 15. Qh4 Nxe3 16. fxe3 Qe8 17. Nd5 Rc8 18. b3 Nxd5 19. Rxd5 Bc6 20. Rd2 e5 21. Rfd1 g5 22. Qh5 b5 23. cxb5 Be4 24. a4 Rc3 25. Ne1 Bxg2 26. Nxg2 Qe6 27. h4 gxh4 28. Qxh4 Qxb3 29. Rd8 Kh7 30. Qg4 f5 31. Qh5 Rc4 32. R1d7 Qb1+ 33. Rd1 Rc1 34. Rxc1 Qxc1+ 35. Kh2 Rxd8 36. Qxf5+ Kh8 37. Nh4 Rd6 38. g4 Qc4 39. Ng6+ Rxg6 40. Qxg6 Qxe2+ 41. Kh1 Qf3+ 42. Kh2 Qxe3 43. Qa6 Qe2+ 44. Kh3 Qd3+ 45. Kg2 Qc2+ 46. Kh3 e4 47. Qxa7 Qd3+ 48. Kg2 Qf3+ 49. Kh2 Be5+ 50. Kg1 e3 51. Qa8+ Qxa8 0-1

[Event "57th Biel Festival MTO 2024"]
[White "Frayna,Janelle Mae"]
[Black "Matsumura,Cocoro"]
[Site "Biel"]
[Round "2.51"]
[Annotator "RC"]
[Result "1/2-1/2"]
[Date "2024.07.16"]
[WhiteElo "2164"]
[BlackElo "2032"]
[PlyCount "139"]
[TimeControl "60"]

1. e4 c5 2. Nc3 e6 3. g3 Nc6 4. Bg2 Nf6 5. Nge2 Be7 6. O-O O-O 7. d4 cxd4 8. Nxd4 Qb6 9. Ndb5 a6 10. Be3 Qa5 11. Nd6 Qb4 12. Nxc8 Raxc8 13. Rb1 Ne5 14. Bd2 Qd4 15. Bf4 Qc5 16. Qe2 d6 17. a4 Nc4 18. Rfd1 b5 19. axb5 axb5 20. Na2 Nd7 21. c3 g5 22. Bc1 f5 23. Nb4 fxe4 24. Bxe4 Qe5 25. Nd3 Qf6 26. f4 d5 27. fxg5 Qg7 28. Bg2 Nc5 29. Bf4 Rce8 30. b3 Nxd3 31. Rxd3 Bc5+ 32. Kh1 Nb6 33. Be3 Nd7 34. Re1 Qg6 35. Bxc5 Nxc5 36. Re3 b4 37. cxb4 d4 38. Re5 d3 39. Qe3 Nd7 40. Ra5 e5 41. Be4 Qh5 42. Rd5 Qg4 43. Rxd3 Re7 44. b5 Kh8 45. Bc6 Qh3 46. Bg2 Qe6 47. b4 Qc4 48. Red1 Qxb5 49. Rd5 Qa4 50. h4 Ref7 51. b5 Qg4 52. Rxd7 Rxd7 53. Rxd7 Qxd7 54. Qxe5+ Qg7 55. Qxg7+ Kxg7 56. b6 Kg6 57. b7 Kf5 58. Bh3+ Ke4 59. Kg2 Rd8 60. Bc8 Rd2+ 61. Kh3 Rb2 62. Kg4 Ke5 63. Kh5 Rb6 64. Kg4 Rb4+ 65. Kh5 Rb6 66. g4 Kf4 67. Bf5 Rxb7 68. Kh6 Rc7 69. g6 hxg6 70. Kxg6 1/2-1/2